 Dungeon Crawl Stone Soup version 0.30.1-4-g462c640d31 (webtiles) character file.

Game seed: 1992641478033765696

1422 Peloso the Slasher (level 8, -7/42 HPs)
             Began as a Vine Stalker Fighter on Sept 8, 2023.
             Was a Believer of Okawaru.
             Mangled by an orc warrior
             ... wielding a +0 glaive
              (13 damage)
             ... on level 6 of the Dungeon.
             The game lasted 00:10:58 (4728 turns).

Peloso the Slasher (Vine Stalker Fighter)           Turns: 4728, Time: 00:10:58

Health: -7/42      AC:  9    Str: 20    XL:     8   Next: 72%
Magic:  0/9        EV:  8    Int:  8    God:    Okawaru [**....]
Gold:   379        SH:  5    Dex: 15    Spells: 7/7 levels left

rFire   . . .        a - +1 long sword
rCold   . . .        d - +0 buckler
rNeg    . . .        c - +0 chain mail of Agoraphobia {Regen+}
rPois   .            (no helmet)
rElec   .            (no cloak)
rCorr   .            (no gloves)
SInv    .            (no boots)
Will    +....        (no amulet) Stlth
                     (no ring)
HPRegen 1.87/turn    (no ring)
MPRegen 0.11/turn

%: guardian spirit
@: no status effects
A: fangs 3, regeneration 1, magic shield, antimagic bite, no potion heal 2
a: Renounce Religion, Heroism


You were on level 6 of the Dungeon.
You worshipped Okawaru.
Okawaru was pleased with you.
You visited 1 branch of the dungeon, and saw 6 of its levels.
You also visited: Sewer.

You collected 379 gold pieces.

Inventory:

Hand Weapons
 a - a +1 long sword (weapon)
Armour
 b - a +0 scale mail
 c - the +0 chain mail of Agoraphobia (worn) {Regen+}
   (You found it on level 6 of the Dungeon)

   Regen:     It increases your rate of health regeneration.
 d - a +0 buckler (worn)
Jewellery
 h - a ring of positive energy
 o - a ring of flight
 p - a +5 ring of evasion
 q - an amulet of the acrobat
 r - an amulet of regeneration
Wands
 w - a wand of quicksilver (11)
Scrolls
 j - a scroll of fog
 l - a scroll of acquirement {unknown}
 m - a scroll of enchant weapon
 n - a scroll of fear
 u - a scroll of magic mapping
 x - a scroll of teleportation
 y - a scroll of identify
Potions
 e - 2 potions of might
 f - 2 potions of brilliance
 g - 4 potions of flight
 i - 3 potions of curing
 k - a potion of heal wounds
 s - a potion of attraction {unknown}
 t - a potion of berserk rage {unknown}
Miscellaneous
 v - a tin of tremorstones (2/2)


   Skills:
 + Level 4.3 Fighting
 + Level 6.5 Long Blades
 + Level 4.8 Armour
 + Level 1.9 Dodging
 + Level 0.1 Stealth
 + Level 4.3 Shields


You had 7 spell levels left.
You didn't know any spells.
Your spell library contained the following spells:

 Spells                   Type           Power      Damage    Failure   Level
 Magic Dart               Conj           0%         1d3       98%         1
 Sting                    Tmut/Pois      0%         1d3       98%         1
 Lesser Beckoning         Tloc           0%         N/A       99%         2
 Poisonous Vapours        Pois/Air       0%         N/A       99%         2
 Searing Ray              Conj           0%         2d4       99%         2
 Gell's Gravitas          Tloc           0%         N/A       100%        3
 Teleport Other           Tloc           0%         N/A       100%        3
 Vhi's Electric Charge    Tloc/Air       0%         N/A       100%        3
 Fulminant Prism          Conj/Hex       0%         3d5       100%        4
 Olgreb's Toxic Radiance  Pois           0%         N/A       100%        4
 Arcjolt                  Conj/Air       0%         1d10      100%        5
 Maxwell's Capacitive Co  Air            0%         ∞         100%        8


Dungeon Overview and Level Annotations

Branches:
Dungeon (6/15)             Temple (0/1) D:5           Sewer (visited)

Altars:
Elyvilon
Nemelex Xobeh
Okawaru
Qazlal

Shops:
D:6 [

Annotations:
D:6 1 runed translucent door, Crazy Yiuf


Innate Abilities, Weirdness & Mutations

You have razor-sharp teeth.
Your natural rate of healing is unusually fast.
When hurt, damage is shared between your health and your magic reserves.
Your bite disrupts and absorbs the magic of your enemies.
Potions cannot restore your health.


Message History

Unknown command.
You hit the orc warrior. You bite the orc warrior. You drain its power.
You feel invigorated.
The orc warrior is severely wounded.
You block the water moccasin's attack. The orc hits you but does no damage.
The orc warrior barely misses you. The water moccasin bites you.
You are poisoned.
The water moccasin poisons you!
You barely miss the orc warrior.
You bite the orc warrior, but do no damage.
The orc warrior is severely wounded.
You feel very sick.
The water moccasin bites you but does no damage.
The orc hits you but does no damage.
The orc warrior hits you with a +0 glaive.
You closely miss the orc warrior.
You bite the orc warrior, but do no damage.
The orc warrior is severely wounded.
You feel sick. You block the water moccasin's attack.
You block the orc's attack.
The orc warrior hits you with a +0 glaive!
* * * LOW HITPOINT WARNING * * *
The water moccasin bites you but does no damage.
You barely miss the orc warrior. You bite the orc warrior. You drain its power.
You feel invigorated.
The orc warrior is severely wounded.
You feel sick. The water moccasin bites you.
* * * LOW HITPOINT WARNING * * *
The orc hits you but does no damage. The orc warrior closely misses you.
The water moccasin bites you.
* * * LOW HITPOINT WARNING * * *
You are lethally poisoned!
The water moccasin poisons you! The orc warrior barely misses you.
You block the orc's attack.
Okay, then.
Your system rejects the healing.
You feel better.
The water moccasin bites you but does no damage.
You block the orc's attack.
The orc warrior hits you with a +0 glaive!
You die...

#...............~≈≈~~.####
##..........#...~≈≈~.....#
.###...#...#.##.#~≈≈~.##..#
........####.##.~~≈≈~.##...
#######...$#.##.~≈≈~~.###..
####......~≈≈~..# ###
#.......~≈≈~.## ##.
#..S....~≈≈~..###..
#o@.....~≈≈~..##...
#..o....~≈≈~~....#.
#.......~~≈≈~.####.
#.......#~≈≈~......
#....<..#~≈≈~~..###
#.......#~~≈≈~..#
#.......##~≈≈~~##
#.......##~~≈≈~# ##~≈≈~~


You could see an orc warrior, a water moccasin and an orc.

Vanquished Creatures
  A sky beast (D:6)
  A water moccasin (D:5)
  4 ice beasts
  An ogre (D:6)
  A centaur (D:5)
  A bullfrog (Sewer)
  4 scorpions
  2 hounds
  An iguana (D:4)
  An orc wizard (D:4)
  A river rat (D:5)
  16 adders
  3 white imps
  2 ufetubi (D:6)
  2 worms
  2 dart slugs
  8 orcs
  8 ball pythons
  2 bats
  7 endoplasms
  3 giant cockroaches (Sewer)
  7 goblins
  7 hobgoblins
  3 jackals (D:3)
  10 quokkas
  8 frilled lizards
  3 kobolds
  5 rats
114 creatures vanquished.

Vanquished Creatures (others)
  An orc wizard (D:4)
1 creature vanquished.

Grand Total: 115 creatures vanquished

Notes
Turn   | Place    | Note
-------+----------+-------------------------------------------
     0 | D:1      | Peloso the Vine Stalker Fighter began the quest for the
                  | Orb.
     0 | D:1      | Reached XP level 1. HP: 11/11 MP: 2/2
   249 | D:1      | Reached XP level 2. HP: 16/16 MP: 3/3
   282 | D:1      | Reached skill level 2 in Long Blades
   702 | D:2      | Reached XP level 3. HP: 19/19 MP: 4/4
  1143 | D:2      | Gained mutation: Your natural rate of healing is unusually
                  | fast. [Vine Stalker growth]
  1143 | D:2      | Reached XP level 4. HP: 17/24 MP: 2/5
  1566 | D:3      | Found an iron altar of Okawaru.
  1582 | D:3      | Became a worshipper of Warmaster Okawaru
  2012 | D:4      | Noticed a scorpion
  2029 | D:4      | Killed a scorpion
  2030 | D:4      | Reached skill level 3 in Long Blades
  2030 | D:4      | Reached XP level 5. HP: 15/28 MP: 6/6
  2106 | D:4      | Reached skill level 1 in Dodging
  2516 | D:4      | Found a sparkling altar of Nemelex Xobeh.
  2604 | D:4      | Found a stormy altar of Qazlal.
  2604 | D:4      | Found a white marble altar of Elyvilon.
  2703 | D:4      | Reached XP level 6. HP: 22/32 MP: 3/7
  2851 | D:5      | Entered Level 5 of the Dungeon
  2888 | D:5      | Reached skill level 4 in Long Blades
  2963 | D:5      | Found a glowing drain.
  2967 | Sewer    | Entered a sewer
  3125 | Sewer    | Reached * piety under Okawaru
  3598 | D:5      | Reached XP level 7. HP: 35/36 MP: 8/8
  3726 | D:5      | Reached skill level 5 in Long Blades
  3814 | D:5      | Reached ** piety under Okawaru
  3883 | D:5      | Gained mutation: You have razor-sharp teeth. [Vine Stalker
                  | growth]
  3883 | D:5      | Reached XP level 8. HP: 26/42 MP: 4/9
  3990 | D:5      | Found a staircase to the Ecumenical Temple.
  4167 | D:6      | Found Heimp's Armour Emporium.
  4293 | D:6      | Reached skill level 6 in Long Blades
  4558 | D:6      | Identified the +0 chain mail of Agoraphobia {Regen+}
  4655 | D:6      | Found a runed translucent door.
  4656 | D:6      | Noticed Crazy Yiuf
  4728 | D:6      | Mangled by an orc warrior

Illustrated notes

Levels and vault maps discovered:
D:1:      co_arrival_hall_of_pillars, layout_rooms, serial_bayou,
          serial_bayou_pond_a, serial_bayou_pond_e, serial_bayou_pond_d,
          serial_bayou_lagoon_a, nicolae_kite_square_tiling_tiny,
          minmay_pentomino_o2
D:2:      layout_basic
D:3:      layout_loops_ring, okawaru_trees_2
D:4:      layout_basic, nicolae_overflow_two_pavilions, lemuel_tele_altar
D:5:      layout_basic, lemuel_temple_firewalk_b, lightli_sewer_entry_pipes
D:6:      wander_river, layout_rooms, serial_shops, shop, st_stairs_8,
          skrybe_limestone_x, minmay_fractal_squares_diagonal_5,
          uniq_crazy_yiuf_cottage

Skill      XL: |  1  2  3  4  5  6  7  8 |
---------------+-------------------------+-----
Long Blades    | 2 3 4 5 6 |  6.5
Fighting       | 3 4 |  4.3
Armour         | 3 4 |  4.8
Shields        | 3 4 |  4.3
Dodging        | 1 |  1.9
Stealth        | |  0.1

Action                     |  1- 3 |  4- 6 |  7- 9 || total
---------------------------+-------+-------+-------++-------
  Melee: Long sword        |    76 |   255 |   150 ||   481
         Bite              |    14 |    44 |    50 ||   108
    Use: Scroll            |     1 |    12 |       ||    13
         Potion            |     1 |       |     1 ||     2
 Armour: Scale mail        |     7 |       |       ||     7
         Chain mail        |    59 |   179 |   107 ||   345
  Dodge: Dodged            |    38 |   100 |    75 ||   213
  Block: Buckler           |    16 |    64 |    60 ||   140
